 Dungeon Crawl Stone Soup version 0.31.0-12-g77e489cdc1 (webtiles) character file.

Game seed: 13725193290596314077

74 Doomgape the Shield-Bearer (level 4, 0/29 HPs)
             Began as a Gargoyle Fighter on Mar 1, 2024.
             Slain by a gnoll sergeant
             ... wielding a +0 spear
              (6 damage)
             ... on level 3 of the Dungeon.
             The game lasted 00:04:08 (2152 turns).

Doomgape the Shield-Bearer (Gargoyle Fighter)       Turns: 2152, Time: 00:04:08

Health: 0/29       AC: 10    Str: 22    XL:     4   Next: 30%
Magic:  4/4        EV:  9    Int:  8    God:
Gold:   117        SH:  4    Dex:  9    Spells: 3/3 levels left

rFire   + . .        a - +0 flail
rCold   + . .        c - +0 buckler
rNeg    + . .        b - +0 scale mail
rPois   ∞            (no helmet)
rElec   +            f - scarf {rC+ rF+}
rCorr   .            (no gloves)
SInv    .            (no boots)
Will    .....        (no amulet) Stlth
                     (no ring)
HPRegen 0.24/turn    (no ring)
MPRegen 0.09/turn

%: no passive effects
@: no status effects
A: sickness immunity, AC +3, negative energy resistance 1, electricity
resistance, torment resistance 1, petrification resistance
a: no special abilities


You were on level 3 of the Dungeon.
You visited 1 branch of the dungeon, and saw 3 of its levels.

You collected 117 gold pieces.

Inventory:

Hand Weapons
 a - a +0 flail (weapon)
Armour
 b - a +0 scale mail (worn)
 c - a +0 buckler (worn)
 f - a scarf of resistance (worn)
Wands
 i - a wand of mindburst (7)
Scrolls
 e - a scroll of amnesia {unknown}
 g - 3 scrolls of teleportation {unknown}
 j - a scroll of enchant weapon {unknown}
 k - a scroll of identify {unknown}
 l - a scroll of silence {unknown}
 n - a scroll of fear {unknown}
Potions
 d - 2 potions of might
 h - 2 potions of heal wounds {unknown}
 m - a potion of degeneration {unknown}
 o - 2 potions of cancellation {unknown}


   Skills:
 + Level 4.0 Fighting
 + Level 2.7 Maces & Flails
 + Level 3.9 Armour
 + Level 4.0 Shields


You had 3 spell levels left.
You didn't know any spells.
Your spell library contained the following spells:

 Spells                   Type           Power      Damage    Failure   Level
 Magic Dart               Conj           0%         1d3       80%         1
 Sandblast                Erth           0%         2d4       80%         1
 Searing Ray              Conj           0%         2d4       90%         2
 Passwall                 Erth           0%         N/A       99%         3
 Stone Arrow              Conj/Erth      0%         3d7       99%         3
 Brom's Barrelling Bould  Conj/Erth      0%         2d3       100%        4
 Fulminant Prism          Conj/Alch      0%         3d5       100%        4


Dungeon Overview and Level Annotations

Branches:
Dungeon (3/15)

Altars:
Ashenzari

Annotations:
D:1 2 runed translucent doors


Innate Abilities, Weirdness & Mutations

You are immune to sickness and miasma.
Your stone body is resilient. (AC +3)
You are immune to poison.
You resist negative energy. (rN+)
You are resistant to electric shocks. (rElec)
You are resistant to unholy torment.
You are immune to petrification.


Message History

The orc priest invokes the aid of Beogh against you.
Beogh smites you!
Ouch! That really hurt!
You closely miss the orc. The orc hits you but does no damage.
You hit the orc.
The orc is heavily wounded.
The orc hits you with a +0 hand axe.
You sock the orc!
You kill the orc!
The orc wizard mumbles some strange words.
The orc wizard flickers and vanishes!
Deactivating autopickup; reactivate with Ctrl-A.
Your Fighting skill increases to level 4!
You barely miss the gnoll. The gnoll hits you but does no damage.
The gnoll barely misses you.
You closely miss the gnoll. The gnoll closely misses you.
You hit the gnoll.
The gnoll is lightly wounded.
The gnoll hits you with a +0 club.
You hit the gnoll.
The gnoll is heavily wounded.
The gnoll closely misses you.
The gnoll sergeant hits you from afar with a +0 spear.
The gnoll hits you with a +0 club.
* * * LOW HITPOINT WARNING * * *
You hit the gnoll.
The gnoll is almost dead.
The gnoll sergeant hits you from afar with a +0 spear.
* * * LOW HITPOINT WARNING * * *
The gnoll hits you but does no damage.
You hit the gnoll.
The gnoll is almost dead.
The gnoll sergeant hits you from afar with a +0 spear.
* * * LOW HITPOINT WARNING * * *
The gnoll misses you.
Unknown command.
You sock the gnoll!
You kill the gnoll!
The gnoll sergeant hits you from afar with a +0 spear.
You die...

#.o..#
#############'og'######
#.......................
#~~~~~~~~≈~~~..gg≈~≈~≈≈~
≈~≈≈≈≈≈≈≈≈≈≈~...o~≈≈≈≈≈≈
~~~~~~~~~~~~~....~~~~~≈≈
........................
###########)..#####g###.#.##
..........†.....@)g{# .#.#
.#######.##...####### #
#.######.###.## ##.......#
#.# #.######## #.# .. #.# ..
#.# .. ..# ..


You could see a gnoll sergeant and a gnoll.

Vanquished Creatures
  A gnoll (D:3)
  An adder (D:3)
  A ribbon worm (D:3)
  6 orcs (D:3)
  3 bats
  5 endoplasms
  2 goblins
  6 hobgoblins
  7 jackals
  8 kobolds
  A quokka (D:1)
  5 ball pythons (D:2)
  2 frilled lizards
  4 rats
52 creatures vanquished.

Notes
Turn   | Place    | Note
-------+----------+-------------------------------------------
     0 | D:1      | Doomgape the Gargoyle Fighter began the quest for the Orb.
     0 | D:1      | Reached XP level 1. HP: 14/14 MP: 1/1
    62 | D:1      | Reached XP level 2. HP: 6/19 MP: 2/2
   144 | D:1      | Found a large runed translucent door.
   144 | D:1      | Found a large runed translucent door.
   146 | D:1      | Noticed a troll
   417 | D:1      | Reached XP level 3. HP: 23/23 MP: 3/3
   537 | D:1      | Found a faded altar of an unknown god.
  1995 | D:3      | Found a faded altar of an unknown god.
  2004 | D:3      | Reached XP level 4. HP: 29/29 MP: 4/4
  2016 | D:3      | Found a broken altar of Ashenzari.
  2129 | D:3      | Noticed a gnoll sergeant
  2152 | D:3      | Slain by a gnoll sergeant

Illustrated notes

Levels and vault maps discovered:
D:1:      erik_arrival_cave_to_civilisation [erik_arrival_cave_to_temple],
          layout_basic, hellmonk_ecumenical_altar_defaced_shrine
D:2:      layout_basic, serial_forest, infiniplex_forest_clump_long,
          infiniplex_forest_straight_3, infiniplex_forest_zigzag_1,
          infiniplex_forest_lined_ring, infiniplex_forest_clump_tiny,
          infiniplex_forest_straight_1
D:3:      lemuel_castle_with_subvaults [lemuel_castle_interior_original],
          layout_loops_ring, nicolae_tso_swordbearing_angel,
          mainiacjoe_overflow_alcove_4, hellmonk_sif_muna_bookshelves,
          nicolae_overflow_ecumenical_swirl, hangedman_decor_growths

Skill      XL: |  1  2  3  4 |
---------------+-------------+-----
Shields        | 4 |  4.0
Fighting       | 4 |  4.0
Maces & Flails | |  2.7
Armour         | |  3.9

Action                     |  1- 3 |  4- 6 || total
---------------------------+-------+-------++-------
  Melee: Flail             |   125 |    44 ||   169
 Armour: Scale mail        |   102 |    31 ||   133
  Dodge: Dodged            |    70 |    23 ||    93
  Block: Buckler           |    30 |     7 ||    37
